 Dungeon Crawl Stone Soup version 0.30.0-29-ga12c61a403 (webtiles) character file.

Game seed: 4865904841269514986

307 Graphine the Stinger (level 6, -6/53 (55) HPs)
             Began as a Naga Venom Mage on June 21, 2023.
             Was an Initiate of Sif Muna.
             Mangled by Edmund
             ... wielding a +6 flail of draining
              (13 damage)
             ... on level 4 of the Dungeon.
             The game lasted 00:09:01 (3396 turns).

Graphine the Stinger (Naga Venom Mage)              Turns: 3396, Time: 00:09:02

HP:   -6/53 (55)    AC:  2    Str: 10    XL:     6   Next: 40%
MP:   7/10          EV: 19    Int: 18    God:    Sif Muna [......]
Gold: 103           SH:  0    Dex: 16    Spells: 2/11 levels left

rFire   . . .        j - melded +1 dagger (elec)
rCold   . . .        (shield currently unavailable)
rNeg    . . .        a - melded +2 robe
rPois   x            (helmet currently unavailable)
rElec   .            (cloak currently unavailable)
rCorr   .            (gloves currently unavailable)
SInv    +            (no barding)
Will    .....        (no amulet)
Stlth   +++          (no ring)
HPRegen 0.28/turn    (no ring)
MPRegen 0.12/turn

%: no passive effects
@: spider-form, lightly drained
A: venomous fangs, AC +2, tiny, see invisible, (deformed body), (poison
resistance), (slowness 2), spit poison 1, (naga tail 1)
a: Spit Poison, End Transformation, Renounce Religion


You were on level 4 of the Dungeon.
You worshipped Sif Muna.
Sif Muna was noncommittal.
You were a venomous arachnid creature.
You visited 1 branch of the dungeon, and saw 4 of its levels.

You collected 103 gold pieces.

Inventory:

Hand Weapons
 j - a +1 dagger of electrocution (melded)
Missiles
 k - 3 boomerangs
Armour
 a - a +2 robe (melded)
Jewellery
 l - a +6 ring of intelligence
Wands
 r - a wand of roots (16)
Scrolls
 f - 3 scrolls of blinking {unknown}
 h - a scroll of magic mapping
 m - a scroll of poison {unknown}
 o - a scroll of fog {unknown}
Potions
 b - a potion of magic
 c - a potion of mutation {unknown}
 d - 3 potions of haste
 e - a potion of heal wounds {unknown}
 g - a potion of might {unknown}
 i - 2 potions of brilliance {unknown}
 n - a potion of curing {unknown}
 p - a potion of ambrosia {unknown}
 q - a potion of flight {unknown}


   Skills:
 * Level 2.8 Fighting
 + Level 2.2 Dodging
 + Level 4.4 Stealth
 * Level 3.2 Spellcasting
 - Level 1.1 Transmutations
 * Level 5.4 Poison Magic
 + Level 1.7 Invocations


You had 2 spell levels left.
You knew the following spells:

 Your Spells              Type           Power      Damage    Failure   Level
a - Sting                 Tmut/Pois      56%        1d5       13%         1
b - Poisonous Vapours     Pois/Air       24%        N/A       21%         2
c - Spider Form           Tmut/Pois      14%        N/A       28%         3
d - Mephitic Cloud        Conj/Pois/Air  9%         N/A       43%         3

Your spell library contained the following spells:

 Spells                   Type           Power      Damage    Failure   Level
 Ensorcelled Hibernation  Hex/Ice        4%         N/A       45%         2
 Olgreb's Toxic Radiance  Pois           22%        N/A       36%         4
 Stone Arrow              Conj/Erth      4%         3d7       65%         3
 Anguish                  Hex/Necr       1%         N/A       95%         4
 Animate Armour           Summ/Erth      4%         N/A       95%         4
 Lehudib's Crystal Spear  Conj/Erth      1%         10d2      100%        8


Dungeon Overview and Level Annotations

Branches:
Dungeon (4/15)             Temple (0/1) D:4

Altars:
Sif Muna
Vehumet
Yredelemnul
The Shining One

Shops:
D:1 ?   D:4 :

Annotations:
D:4 exclusion: statue, Edmund


Innate Abilities, Weirdness & Mutations

You are a venomous arachnid creature.
You have venomous fangs.
You are tiny and dextrous.
Your spellcasting is less reliable in this form.
Your armour is entirely melded.
You are incapable of wielding weapons or throwing items.
((Your serpentine skin is tough. (AC +2)))
You have supernaturally acute eyesight. (SInv)
((Armour fits poorly on your strangely shaped body.))
((Your system is resistant to poisons. (rPois)))
((You cover ground very slowly.))
You can spit poison.
((You have a snake-like lower body.))


Message History

You're too confused to cast spells.
You're too confused to cast spells.
Edmund zaps a wand.
The bolt of light hits you!
You bump into the rock wall.
Edmund zaps a wand.
The bolt of light misses you.
You feel less confused.
Edmund looks more healthy.
Edmund zaps a wand.
The bolt of light misses you.
Aiming: Fastroot
Press: ? - help, Shift-Dir - straight line, f/p - Edmund
Aim: Edmund, wielding a +6 flail of draining, wearing a +0 ring mail and carrying a wand of light (4) (lightly wounded)
The roots erupt in riotous growth!
Roots grab Edmund.
The grasping roots constrict Edmund.
Edmund escapes!
Casting: Sting (safe; 4% risk of failure)
Confirm with . or Enter, or press ? or * to list all spells.
You turn into a venomous arachnid creature.
Your +1 dagger of electrocution melds into your body.
Your +2 robe melds into your body.
Your +1 dagger of electrocution stops crackling.
Edmund zaps a wand.
The bolt of light misses you.
You hit Edmund but do no damage.
Edmund is moderately wounded.
Edmund completely misses you.
You barely miss Edmund.
Edmund is moderately wounded.
Edmund barely misses you.
You hit Edmund.
Edmund is moderately wounded.
Edmund grinds his teeth, and then sighs.
Edmund hits you with a +6 flail of draining!
You feel drained.
You hit Edmund.
Edmund is poisoned.
Edmund is moderately wounded.
Edmund zaps a wand.
The bolt of light hits you!!
* * * LOW HITPOINT WARNING * * *
Okay, then.
Okay, then.
You barely miss Edmund.
Edmund is moderately wounded.
Edmund hits you with a +6 flail of draining!
You die...

>................>.......#
#.....
.##...........##...##....#
#.....
.##........##..##.##..##.#
#.....
###.........##..#.#..##..#
#.....
#............##.....##..##
#.....
#.#........#..#.....#..##
#.....
#.#........##.........##
#..... #
##.......#####.######
#####. ...#.########s# #.
#####........@.# #.
########## ##


You could see Edmund (very poisoned).

Vanquished Creatures
  Sigmund (D:4)
  An orc priest (D:3)
  2 worms
  A dart slug (D:2)
  9 orcs (D:3)
  2 endoplasms (D:3)
  9 giant cockroaches
  9 goblins
  4 hobgoblins
  6 jackals
  A quokka (D:2)
  8 ball pythons
  10 bats
  7 frilled lizards
  10 kobolds
  4 rats
84 creatures vanquished.

Notes
Turn   | Place    | Note
-------+----------+-------------------------------------------
     0 | D:1      | Graphine the Naga Venom Mage began the quest for the Orb.
     0 | D:1      | Reached XP level 1. HP: 15/15 MP: 3/3
   271 | D:1      | Reached XP level 2. HP: 22/22 MP: 0/5
   960 | D:1      | Reached XP level 3. HP: 30/30 MP: 4/6
   963 | D:1      | Learned a level 2 spell: Poisonous Vapours
   967 | D:1      | Learned a level 3 spell: Spider Form
  1033 | D:1      | Found a faded altar of an unknown god.
  1084 | D:1      | Found Pesosic's Magic Scroll Shop.
  1229 | D:2      | Reached skill level 1 in Fighting
  1590 | D:2      | Reached XP level 4. HP: 26/38 MP: 2/7
  2184 | D:3      | HP: 1/39 [orc/+0 mace (6)]
  2276 | D:3      | Reached skill level 1 in Invocations
  2277 | D:3      | HP: 1/39 [orc priest/+0 club (2)]
  2283 | D:3      | Reached XP level 5. HP: 3/45 MP: 4/9
  2533 | D:3      | Found a basalt altar of Yredelemnul.
  2536 | D:3      | Found a shimmering blue altar of Sif Muna.
  2563 | D:3      | Became a worshipper of Sif Muna the Loreminder
  2808 | D:3      | Learned a level 3 spell: Mephitic Cloud
  2930 | D:3      | Found a glowing golden altar of the Shining One.
  3172 | D:4      | Found Qeniukh's Book Shoppe.
  3182 | D:4      | Found a staircase to the Ecumenical Temple.
  3187 | D:4      | Noticed Sigmund
  3201 | D:4      | Killed Sigmund
  3202 | D:4      | Reached skill level 5 in Poison Magic
  3202 | D:4      | Reached XP level 6. HP: 47/55 MP: 6/10
  3352 | D:4      | Found a radiant altar of Vehumet.
  3383 | D:4      | Noticed Edmund
  3396 | D:4      | Mangled by Edmund

Illustrated notes

Levels and vault maps discovered:
D:1:      minmay_arrival_cross, layout_loops_ring, serial_shops,
          nicolae_shop_waterfront, shapermc_ecumenical_altar_gd
D:2:      layout_loops_ring
D:3:      cheibrodos_helix_gallery, layout_rooms, nicolae_overflow_squiral,
          tso_altar, minmay_misc_feat_tower
D:4:      layout_basic, chequers_temple_overflow_statue_of_worship,
          vehumet_statue, minmay_temple_entry_waves, serial_shops,
          nicolae_shop_tiny_glass, roderic_serpentine_path, uniq_duvessa,
          uniq_edmund, uniq_sigmund

Skill      XL: |  1  2  3  4  5 |
---------------+----------------+-----
Fighting       | 1 2 |  2.8
Invocations    | 1 |  1.7
Dodging        | 2 |  2.2
Stealth        | 4 |  4.4
Spellcasting   | 3 |  3.2
Poison Magic   | 5 |  5.4
Transmutations | |  1.1

Action                     |  1- 3 |  4- 6 || total
---------------------------+-------+-------++-------
  Melee: Dagger            |    59 |    29 ||    88
         Unarmed           |     9 |    50 ||    59
   Cast: Sting             |    57 |    30 ||    87
         Spider Form       |     1 |     5 ||     6
  Evoke: Wand              |       |     1 ||     1
    Use: Scroll            |     5 |     4 ||     9
         Potion            |       |     1 ||     1
   Stab: Invisible         |       |     2 ||     2
 Armour: Robe              |    27 |    12 ||    39
         Skin              |       |     2 ||     2
  Dodge: Dodged            |    49 |    98 ||   147
